 Dungeon Crawl Stone Soup version 0.25-a0-424-g80bd347ae0 (webtiles) character file.

Game seed: 15087415787329869239, levelgen mode: deterministic

156 Nattfarinn the Insei (level 5, -2/39 HPs)
             Began as a Merfolk Transmuter on Jan 23, 2020.
             Slain by Grinder (6 damage)
             ... on level 3 of the Dungeon.
             The game lasted 00:06:23 (3191 turns).

Nattfarinn the Insei (Merfolk Transmuter)           Turns: 3191, Time: 00:06:23

Health: -2/39      AC:  2    Str: 16    XL:     5   Next: 37%
Magic:  2/8        EV: 27    Int: 13    God:
Gold:   159        SH:  0    Dex: 19    Spells: 4/8 levels left

rFire    . . .     SeeInvis .     - Unarmed
rCold    . . .     Gourm    .   (shield currently unavailable)
rNeg     . . .     Faith    .   (armour currently unavailable)
rPois    x         Spirit   .   (helmet currently unavailable)
rElec    .         Reflect  .   (cloak currently unavailable)
rCorr    +         Harm     .   (gloves currently unavailable)
MR       .....                  (boots currently unavailable)
Stlth    ++........             (no amulet)
HPRegen  0.13/turn              p - ring of resist corrosion
MPRegen  0.11/turn              n - +5 ring of evasion

@: mighty, spider-form (expiring), very slightly contaminated
A: tiny, (change form in water), (swift swim), (stealthy swim)
a: End Transformation


You were on level 3 of the Dungeon.
You were not hungry.
You were a venomous arachnid creature.
You visited 1 branch of the dungeon, and saw 3 of its levels.

You collected 159 gold pieces.

Inventory:

Missiles
 a - 36 arrows
Armour
 b - a +0 robe (melded)
 c - a +1 pair of boots (melded)
Jewellery
 n - a +5 ring of evasion (right front leg)
 p - a ring of resist corrosion (left front leg)
Scrolls
 j - a scroll of remove curse {unknown}
 k - a scroll of enchant weapon {unknown}
 l - a scroll of identify {unknown}
 o - a scroll of noise {unknown}
Potions
 e - a potion of heal wounds {unknown}
 f - a potion of invisibility {unknown}
 g - a potion of agility {unknown}
 h - a potion of might
 m - a potion of haste {unknown}
Comestibles
 d - 7 rations
 i - 7 chunks of flesh


   Skills:
 + Level 2.4 Fighting
 + Level 3.9 Dodging
 * Level 4.8 Unarmed Combat
 - Level 2.0 Spellcasting
 + Level 4.1 Transmutations


You had 4 spell levels left.
You knew the following spells:

 Your Spells              Type           Power        Failure   Level  Hunger
a - Beastly Appendage     Tmut           ##....       14%         1    ##.....
b - Spider Form           Tmut/Pois      #.........   54%         3    ####...

Your spell library contained the following spells:

 Spells                   Type           Power        Failure   Level  Hunger
 Sticks to Snakes         Tmut           ##......     19%         2    ###....
 Ice Form                 Ice/Tmut       #.......     88%         4    #####..
 Blade Hands              Tmut           ##........   91%         5    ######.


Dungeon Overview and Level Annotations

Branches:
Dungeon (3/15)

Altars:
Ashenzari
Dithmenos
Elyvilon
Makhleb
Uskayaw
Vehumet
The Shining One

Annotations:
D:3 Grinder


Message History

Grinder blinks!
Grinder gestures at you.
You suddenly lose the ability to move!
Your transformation is almost over.
Grinder hits you.
You writhe in agony.
Grinder hits you!
* * * LOW HITPOINT WARNING * * *
You writhe in agony.
* * * LOW HITPOINT WARNING * * *
Grinder blinks!
You can move again.
Unknown command.
It was a potion of might.
You feel very mighty all of a sudden. Grinder gestures at you.
You shrug off the repeated paralysis!
You bite Grinder!
Grinder is heavily wounded.
Grinder hits you.
You die...

#####....#
#..##.(# #
#....#
##.##### #
#(..## #..# #
#...# ##.## #
#...# #..#
#.### #.## #.#
#.# ####.####
######)5s<...#
...>........[#
######.......#
#########


You could see Grinder.

Vanquished Creatures
  Jessica (D:3)
  3 adders
  3 worms (D:2)
  4 dart slugs
  A leopard gecko (D:2)
  7 orcs (D:3)
  3 giant cockroaches
  13 goblins
  9 hobgoblins
  2 jackals (D:2)
  9 kobolds
  2 quokkas (D:2)
  6 bats
  4 frilled lizards
  8 rats
75 creatures vanquished.

Notes
Turn   | Place    | Note
-------+----------+-------------------------------------------
     0 | D:1      | Nattfarinn the Merfolk Transmuter began the quest for the
                  | Orb.
     0 | D:1      | Reached XP level 1. HP: 15/15 MP: 3/3
   391 | D:1      | Reached XP level 2. HP: 21/21 MP: 5/5
  1016 | D:1      | Reached XP level 3. HP: 15/26 MP: 6/6
  1452 | D:2      | Found a shattered altar of Ashenzari.
  1664 | D:2      | Found a radiant altar of Vehumet.
  1722 | D:2      | Reached XP level 4. HP: 20/33 MP: 5/7
  2106 | D:2      | Found a shadowy altar of Dithmenos.
  2221 | D:2      | Learned a level 3 spell: Spider Form
  2244 | D:2      | Found a burning altar of Makhleb.
  2244 | D:2      | Noticed an Executioner
  2504 | D:3      | Found a white marble altar of Elyvilon.
  2508 | D:3      | Found a glowing golden altar of the Shining One.
  2508 | D:3      | Noticed Jessica
  2509 | D:3      | Found a hide-covered altar of Uskayaw.
  2531 | D:3      | Killed Jessica
  2531 | D:3      | Reached XP level 5. HP: 32/38 MP: 2/8
  3163 | D:3      | Noticed Grinder
  3175 | D:3      | Paralysed by Grinder for 6 turns
  3186 | D:3      | Paralysed by Grinder for 4 turns
  3191 | D:3      | Slain by Grinder

Levels and vault maps discovered:
D:1:      sevenhm_arrival_forest_fort_large_2, layout_loops_corners
D:2:      layout_basic, nicolae_ashenzari_panopticon, makhleb_altar_promises_db,
          lemuel_round_altar, first_ration, minmay_misc_feat_five, fountainhead,
          lemuel_altar_in_water
D:3:      layout_rooms, grunt_temple_overflow_open,
          chequers_serial_rivers_small_3, uniq_grinder, uniq_crazy_yiuf_cottage,
          uniq_jessica

Skill      XL: |  1  2  3  4  5 |
---------------+----------------+-----
Transmutations | 3 4 |  4.1
Dodging        | 3 |  3.9
Unarmed Combat | 4 |  4.8
Fighting       | 2 |  2.4
Spellcasting   | |  2.0

Action                   |  1- 3 |  4- 6 || total
-------------------------+-------+-------++-------
Melee: Unarmed           |   117 |   129 ||   246
       Headbutt          |     3 |    13 ||    16
       Punch             |     1 |       ||     1
 Cast: Beastly Appendage |     7 |    12 ||    19
       Spider Form       |       |    10 ||    10
  Use: Potion            |       |     1 ||     1
  Eat: Chunk             |     3 |     6 ||     9
Armor: Robe              |    26 |    13 ||    39
       Skin              |       |     2 ||     2
Dodge: Dodged            |    74 |   110 ||   184

Table legend:
 A = Non-vault XP
 B = Vault XP
 C = Vault XP percentage of total XP
 D = Non-vault monster count
 E = Vault monster count
 F = Vault count percentage of total count
                 A         B        C        D         E       F
            +---------+---------+-------+---------+---------+-------
      Total |     186 |      37 |  16.6 |      74 |       1 |   1.3
            +---------+---------+-------+---------+---------+-------
        D:1 |      38 |       0 |   0.0 |      23 |       0 |   0.0
        D:2 |      88 |       0 |   0.0 |      30 |       0 |   0.0
        D:3 |      60 |      37 |  38.1 |      21 |       1 |   4.5
            +---------+---------+-------+---------+---------+-------
